Map: [ESL] Pride of Altaris

Players

Neeb

  • Race: Protoss Protoss

Rogue - Winner!

  • Race: Zerg Zerg

Event: IEM Katowice 2022

VOD

Have the link to the VOD?

Description

Time

  • Played on: Feb. 24, 2022, 7:10 a.m.
  • Length: 5:28

All games in this series

Show
View Real Time Build Order
Export as new Build Order

Neeb Protoss 

Build Orders: Mass Adepts 

Get SALT Encoding   

  12  0:00  Probe  
  13  0:12  Probe  
  14  0:19  Pylon  
  14  0:24  Probe  
  15  0:37  Probe (Chrono Boost)  
  16  0:48  Probe (Chrono Boost)  
  17  0:53  Probe (Chrono Boost)  
  18  1:06  Nexus  
  18  1:18  Gateway  
  18  1:20  Probe  
  18  1:25  Assimilator  
  19  1:32  Probe  
  20  1:44  Probe  
  21  1:47  Gateway  
  21  1:56  Probe  
  22  2:06  Cybernetics Core  
  22  2:08  Probe  
  23  2:18  Probe, Assimilator  
  24  2:23  Pylon  
  24  2:26  Probe  
  25  2:30  Probe  
  25  2:35  Pylon  
  25  2:38  Probe  
  25  2:39  Adept x2 (Chrono Boost)  
  30  2:46  Shield Battery  
  30  2:47  Probe, Warp Gate (Chrono Boost)  
  30  2:50  Probe  
  32  2:59  Probe  
  32  3:03  Probe  
  32  3:04  Adept x2  
  38  3:15  Probe  
  38  3:16  Robotics Facility  
  38  3:19  Pylon  
  39  3:20  Probe  
  40  3:27  Probe  
  40  3:33  Probe  
  31  3:34  Adept x2  
  46  3:43  Shield Battery  
  45  3:51  Probe  
  35  3:55  Probe  
  33  4:02  Shield Battery  
  33  4:08  Probe  
  37  4:12  Probe  
  37  4:15  Shield Battery  
  33  4:19  Shield Battery  
  29  4:26  Immortal (Chrono Boost)  
  29  4:30  Adept  
  29  4:31  Adept  
  33  4:35  Pylon  
  33  4:37  Pylon  
  33  4:41  Probe x2  
  35  4:52  Adept  
  35  4:53  Probe, Adept  
  35  4:56  Shield Battery  
  35  4:59  Shield Battery  
  38  5:17  Adept x2  
Show
View Real Time Build Order
Export as new Build Order

Rogue Zerg - Winner!

Build Orders: Hatch First 

Get SALT Encoding   

  12  0:00  Drone  
  13  0:12  Overlord  
  13  0:16  Drone  
  14  0:30  Drone x2  
  16  0:49  Hatchery  
  15  0:51  Drone  
  15  0:56  Drone  
  17  0:58  Drone  
  18  1:09  Extractor  
  17  1:16  Spawning Pool  
  16  1:20  Drone  
  16  1:23  Drone  
  18  1:29  Drone  
  19  1:39  Drone  
  20  1:43  Extractor  
  19  2:02  Queen  
  19  2:03  Queen  
  19  2:07  Zergling x2  
  24  2:16  Metabolic Boost  
  24  2:20  Zergling x2  
  24  2:22  Zergling x2  
  26  2:26  Overlord  
  26  2:29  Zergling x2  
  27  2:30  Zergling x2  
  28  2:45  Zergling x10  
  33  2:56  Zergling x4  
  35  3:05  Overlord  
  35  3:08  Zergling x2  
  35  3:09  Hatchery  
  35  3:18  Zergling x2  
  36  3:23  Zergling x12  
  42  3:32  Zergling x2  
  43  3:35  Zergling x2  
  43  3:42  Zergling x2  
  43  3:45  Zergling x2  
  39  3:51  Zergling x2  
  39  3:54  Zergling x2  
  39  3:55  Zergling x10  
  40  3:57  Zergling x2  
  38  4:04  Zergling x2  
  38  4:08  Zergling x2  
  38  4:13  Zergling x2  
  37  4:19  Zergling x2  
  37  4:23  Zergling x2  
  37  4:24  Zergling x10  
  39  4:25  Zergling x2  
  39  4:31  Queen  
  41  4:32  Zergling x6  
  41  4:38  Zergling x2  
  45  4:42  Zergling x2  
  45  4:43  Zergling x2  
  46  4:48  Zergling x2  
  47  4:54  Zergling x2  
  47  4:55  Overlord  
  47  4:57  Zergling x2  
  49  5:01  Overlord  
  49  5:05  Zergling x4  
  49  5:07  Zergling x2  
  49  5:08  Zergling x2  
  49  5:09  Zergling x2  

Tags
 
Add a new tag
Caveats
  • Supply blocks, unpowered buildings, or Contaminate may cause inaccurate times.
  • Supply counts are checked every 10 seconds.